 Dungeon Crawl Stone Soup version 0.29.1-12-g30fa7ad0bf (webtiles) character file.

Game seed: 17587112904274516832

111 wormed the Chopper (level 4, -1/41 HPs)
             Began as a Minotaur Berserker on Dec 20, 2022.
             Was a Believer of Trog.
             Slain by Duvessa
             ... wielding a +0 rapier
              (2 damage)
             ... on level 4 of the Dungeon.
             The game lasted 00:05:11 (2482 turns).

wormed the Chopper (Minotaur Berserker)             Turns: 2482, Time: 00:05:12

Health: -1/41      AC:  7    Str: 24    XL:     4   Next: 62%
Magic:  3/3        EV: 10    Int:  4    God:    Trog [**....]
Gold:   161        SH:  0    Dex:  9    Spells: 3/3 levels left

rFire   . . .      SeeInvis .   a - +0 hand axe
rCold   . . .      Faith    .   (no shield)
rNeg    . . .      Spirit   .   m - +1 scale mail {rPois}
rPois   +          Reflect  .   (helmet restricted)
rElec   .          Harm     .   (no cloak)
rCorr   .          Rampage  .   (no gloves)
Will    .....                   (no boots)
Stlth   ..........              (no amulet)
HPRegen 0.13/turn               (no ring)
MPRegen 0.08/turn               (no ring)

@: lethally poisoned (-1 -> -4), on berserk cooldown, slowed, very slow
A: horns 2, retaliatory headbutt
a: Renounce Religion, Berserk, Trog's Hand


You were on level 4 of the Dungeon.
You worshipped Trog.
Trog was pleased with you.
You visited 1 branch of the dungeon, and saw 4 of its levels.

You collected 161 gold pieces.

Inventory:

Hand Weapons
 a - a +0 hand axe (weapon)
Armour
 m - a +1 scale mail of poison resistance (worn)
Scrolls
 e - a scroll of identify
 l - a scroll of vulnerability {unknown}
Potions
 f - a potion of resistance
 h - a potion of curing
 i - 2 potions of lignification
 j - a potion of degeneration


   Skills:
 + Level 4.3 Fighting
 * Level 5.0 Axes
 + Level 3.3 Armour
 - Level 2.1 Dodging
 + Level 2.1 Shields


You had 3 spell levels left.
You didn't know any spells.
Your spell library was empty.

Dungeon Overview and Level Annotations

Branches:
Dungeon (4/15)
 Temple: D:4-7

Altars:

Annotations:
D:4 Dowan, Duvessa


Innate Abilities, Weirdness & Mutations

You have a pair of horns on your head.
You reflexively headbutt those who attack you in melee.


Message History

The orc wizard hits you with a +0 dagger.
You barely miss the orc wizard. Your headbutt misses the orc wizard.
The orc wizard is almost dead.
You barely miss Duvessa.
You feel sick. The orc wizard barely misses you.
Duvessa gestures with her weapon.
Duvessa hits you with a +0 rapier!
Dowan says, "Magic and the sword, together, will defeat you."
The orc wizard points at you and mumbles some strange words.
The magic dart hits you but does no damage.
You barely miss the orc wizard.
The orc wizard is almost dead.
You hit Duvessa but do no damage. You closely miss Dowan.
You feel sick.
You are no longer poisoned.
The orc wizard barely misses you. Duvessa hits you with a +0 rapier.
* * * LOW HITPOINT WARNING * * *
Dowan hits you with a +4 dagger of venom.
* * * LOW HITPOINT WARNING * * *
You are poisoned.
The orc wizard casts a spell at you. You resist with some effort.
Duvessa gestures with her weapon.
Duvessa closely misses you.
Dowan hits you with a +4 dagger of venom.
* * * LOW HITPOINT WARNING * * *
Unknown command.
The air fills with toxic fumes!
As you read the scroll labelled YLIPIVVU FACU, it crumbles to dust.
It was a scroll of poison.
* * * LOW HITPOINT WARNING * * *
You feel sick.
The orc wizard hits you but does no damage. x2
Dowan closely misses you. Duvessa hits you with a +0 rapier.
* * * LOW HITPOINT WARNING * * *
The orc wizard hits you but does no damage.
As you read the scroll labelled AMPUVAOPRA, it crumbles to dust.
It is a scroll of amnesia.
You feel forgetful for a moment.
* * * LOW HITPOINT WARNING * * *
You feel sick. Duvessa hits you with a +0 rapier.
You die...

#.....##...............†...
#..§§§§§...##§.#.#.....†...
...§§§§§[..§§.#..#.........
...§§§§§§..§§.....#...(...#
...§§§§§§).§...#.§#.......#
...§§§§§§##§..§#§§.#.....##
...§§§§§§§§#.§§§§#.#.......
....##§§§§§#§§§§§#..#......
e... #§§§o@e§§§§§§..#......
..# #§§#e§§#§§§§§.........
. #§.###§###.§§§..... #...
#§§.....§..... .....
#§§.....####.. ......
§§§§....# .. .....
.§§§§....# ..§§§§§....
............


You could see Duvessa, Dowan and an orc wizard (fast).

Vanquished Creatures
  3 adders
  A gnoll (D:3)
  An ufetubus (D:3)
  A worm (D:3)
  A dart slug (D:4)
  4 orcs
  2 ball pythons
  5 endoplasms
  4 giant cockroaches
  9 goblins
  3 hobgoblins
  2 quokkas
  5 bats
  6 frilled lizards
  6 kobolds
  4 rats
57 creatures vanquished.

Notes
Turn   | Place    | Note
-------+----------+-------------------------------------------
     0 | D:1      | wormed the Minotaur Berserker began the quest for the Orb.
     0 | D:1      | Reached XP level 1. HP: 19/19 MP: 0/0
   310 | D:1      | Found a faded altar of an unknown god.
   529 | D:2      | Reached XP level 2. HP: 15/27 MP: 1/1
   540 | D:2      | Reached skill level 4 in Axes
   799 | D:2      | Reached skill level 1 in Shields
   920 | D:2      | Reached XP level 3. HP: 32/33 MP: 2/2
   925 | D:2      | Reached ** piety under Trog
  1534 | D:3      | Reached XP level 4. HP: 15/40 MP: 3/3
  2460 | D:4      | Reached skill level 5 in Axes
  2463 | D:4      | Noticed Duvessa
  2463 | D:4      | Noticed Dowan
  2475 | D:4      | HP: 2/41 [orc wizard/puff of flame (8)]
  2482 | D:4      | HP: 1/41 [poisoned by Dowan]
  2482 | D:4      | Slain by Duvessa

Illustrated notes

Levels and vault maps discovered:
D:1:      lemuel_arrival_funnel, layout_rooms, basic_ecumenical_altar
D:2:      layout_basic
D:3:      minmay_razor_zed, layout_loops_ring, nicolae_eternal_life
D:4:      layout_cave_pools, temple_green, hangedman_decor_peaks_small,
          uniq_duvessa

Skill      XL: |  1  2  3  4 |
---------------+-------------+-----
Axes           | 4 5 |  5.0
Shields        | 1 2 |  2.1
Fighting       | 4 |  4.3
Armour         | 3 |  3.3
Dodging        | |  2.1

Action                   |  1- 3 |  4- 6 || total
-------------------------+-------+-------++-------
Melee: Hand axe          |    78 |    44 ||   122
       Headbutt          |     9 |     4 ||    13
Invok: Berserk           |       |     1 ||     1
  Use: Scroll            |       |     7 ||     7
       Potion            |       |     3 ||     3
Armor: Leather armour    |    17 |     4 ||    21
       Scale mail        |       |    23 ||    23
Dodge: Dodged            |    63 |    25 ||    88
